 Dungeon Crawl Stone Soup version 0.22-a0-185-ge330310d3a (webtiles) character file.

478 RedPan the Magician (level 7, -1/41 HPs)
             Began as an Octopode Wizard on Feb 15, 2018.
             Was a Follower of Kikubaaqudgha.
             Shot with an arrow by a centaur (6 damage)
             ... on level 4 of the Dungeon.
             The game lasted 00:10:10 (4344 turns).

RedPan the Magician (Octopode Wizard)               Turns: 4344, Time: 00:10:10

Health: -1/41      AC:  1    Str:  7    XL:     7   Next: 11%
Magic:  8/13       EV: 14    Int: 20    God:    Kikubaaqudgha [*.....]
Gold:   201        SH:  0    Dex: 12    Spells: 4/15 levels left

rFire    + . .     SeeInvis .   w - +4 dagger (venom)
rCold    . . .     Gourm    .   (no shield)
rNeg     . . .     Faith    .   a - +0 hat
rPois    .         Spirit   .   (no amulet)
rElec    .         Reflect  .   k - ring of flight
rCorr    .         Harm     .   q - ring of protection from fire
MR       .....                  (no ring)
Stlth    +++.......             (no ring)
HPRegen  0.13/turn              (no ring)
MPRegen  0.13/turn              (no ring)
                                (no ring)
                                (no ring)

@: no status effects
A: almost no armour, stealthy swim, amphibious, 8 rings, constrict 8, camouflage
1, gelatinous body 1
a: Receive Corpses, Renounce Religion, Evoke Flight


You were on level 4 of the Dungeon.
You worshipped Kikubaaqudgha.
Kikubaaqudgha was aware of your devotion.
You were not hungry.

You visited 1 branch of the dungeon, and saw 4 of its levels.

You collected 201 gold pieces.

Inventory:

Hand Weapons
 w - a +4 dagger of venom (weapon)
Armour
 a - a +0 hat (worn)
Jewellery
 k - a ring of flight (left tentacle)
 q - a ring of protection from fire (right tentacle)
Scrolls
 d - 2 scrolls of teleportation
 e - a scroll of fear {unknown}
 m - a scroll of remove curse
 o - a scroll of magic mapping
Potions
 f - a potion of invisibility {unknown}
 g - 2 potions of flight {unknown}
 h - 2 potions of curing {unknown}
 i - 2 potions of degeneration {unknown}
 j - a potion of mutation {unknown}
 l - a potion of haste {unknown}
 n - a potion of ambrosia {unknown}
 p - 2 potions of resistance {unknown}
 r - a potion of cancellation {unknown}
 v - a potion of heal wounds {unknown}
Books
 b - a book of Minor Magic

   Spells                             Type                      Level
   a - Magic Dart                     Conjuration                  1
   b - Blink                          Translocation                2
   c - Call Imp                       Summoning                    2
   d - Slow                           Hexes                        2
   e - Conjure Flame                  Conjuration/Fire             3
   f - Mephitic Cloud                 Conjuration/Poison/Air       3
 s - Kikubaaqudgha's Handbook of Stolen Souls
   (Kikubaaqudgha gifted it to you on level 3 of the Dungeon)

   Spells                             Type                      Level
   a - Animate Skeleton               Necromancy                   1
   b - Pain                           Necromancy                   1
   c - Sublimation of Blood           Necromancy                   2
   d - Vampiric Draining              Necromancy                   3
 t - a book of Misfortune

   Spells                             Type                      Level
   a - Confusing Touch                Hexes                        1
   b - Confuse                        Hexes                        3
   c - Gell's Gravitas                Translocation                3
   d - Petrify                        Transmutation/Earth          4
   e - Metabolic Englaciation         Hexes/Ice                    5
   f - Yara's Violent Unravelling     Hexes/Transmutation          5
 u - Sif Muna's Collected Works on Attacks
   (You found it on level 3 of the Dungeon)

   Spells                             Type                      Level
   a - Magic Dart                     Conjuration                  1
Comestibles
 c - 10 rations


   Skills:
 + Level 3.0 Dodging
 - Level 4.1 Stealth
 - Level 4.5 Spellcasting
 - Level 4.0 Conjurations
 + Level 1.0 Summonings
 - Level 1.0 Translocations
 + Level 1.4 Fire Magic
 + Level 1.4 Air Magic
 - Level 2.0 Poison Magic


You had 4 spell levels left.
You knew the following spells:

 Your Spells              Type           Power        Failure   Level  Hunger
a - Magic Dart            Conj           ###.         2%          1    None
b - Blink                 Tloc           N/A          12%         2    #......
c - Call Imp              Summ           #.......     12%         2    #......
d - Mephitic Cloud        Conj/Pois/Air  ##......     13%         3    ##.....
e - Conjure Flame         Conj/Fire      ###.....     12%         3    ##.....


Dungeon Overview and Level Annotations

Branches:
Dungeon (4/15)
 Temple: D:4-7

Altars:
Kikubaaqudgha
Ru
Sif Muna
Wu Jian
The Shining One


Innate Abilities, Weirdness & Mutations

You cannot wear most types of armour.
You are very stealthy in the water. (Stealth+)
You are amphibious.
You can wear up to eight rings at the same time.
You can use your tentacles to constrict eight enemies at once.
Your skin changes colour to match your surroundings (Stealth+).
Your rubbery body absorbs attacks. (AC +1, EV +1)


Message History

* * * LOW HITPOINT WARNING * * *
Casting: Magic Dart (safe; 2% risk of failure)
Confirm with . or Enter, or press ? or * to list all spells.
Aiming: Magic Dart (safe; 2% risk of failure)
Press: ? - help, Shift-Dir - straight line, f/p - centaur
Aim: a centaur, wielding a shortbow (heavily wounded)
The magic dart hits the centaur.
The centaur is severely wounded.
The centaur shoots an arrow.
The arrow hits you.
* * * LOW HITPOINT WARNING * * *
Casting: Magic Dart (safe; 2% risk of failure)
Confirm with . or Enter, or press ? or * to list all spells.
Aiming: Magic Dart (safe; 2% risk of failure)
Press: ? - help, Shift-Dir - straight line, f/p - centaur
Aim: a centaur, wielding a shortbow (severely wounded)
The magic dart hits the centaur.
The centaur is severely wounded.
The centaur shoots an arrow.
The arrow hits you.
You die...
Kikubaaqudgha rasps: "You have failed me!
Welcome... death!"

#..###...# ##..# ##..#
#..## #..## #..# ##..#
##..## #..## ###....##
#...##
........####....#
..........##....##
.##.............@#
#####.................#
# ##................# #
##......#######...# #
##.<...## ..#
###......# .c
##.....#..# .
###....###..# #....###
..#


You could see a centaur.

Vanquished Creatures
  Sigmund (D:2)
  An orc priest (D:3)
  3 orc wizards (D:3)
  An adder (D:3)
  A worm (D:4)
  2 dart slugs (D:2)
  A leopard gecko (D:1)
  5 orcs (D:3)
  4 bat zombies (D:2)
  5 giant cockroaches
  10 goblins
  9 hobgoblins
  4 jackals (D:2)
  A quokka (D:3)
  2 ball pythons
  5 bats
  3 frilled lizards
  7 kobolds
  11 rats
76 creatures vanquished.

Vanquished Creatures (collateral kills)
  Edmund (D:4)
  3 adders
  2 orcs (D:3)
  A bat (D:3)
7 creatures vanquished.

Grand Total: 83 creatures vanquished

Notes
Turn   | Place    | Note
-------+----------+-------------------------------------------
     0 | D:1      | RedPan the Octopode Wizard began the quest for the Orb.
     0 | D:1      | Reached XP level 1. HP: 11/11 MP: 4/4
   280 | D:1      | Reached XP level 2. HP: 12/17 MP: 3/6
   364 | D:1      | Learned a level 2 spell: Blink
   367 | D:1      | Learned a level 2 spell: Call Imp
  1220 | D:2      | Reached XP level 3. HP: 21/21 MP: 3/7
  1448 | D:2      | Noticed Sigmund
  1462 | D:2      | Killed Sigmund
  1462 | D:2      | Reached XP level 4. HP: 23/27 MP: 0/10
  1462 | D:2      | Reached XP level 5. HP: 26/31 MP: 0/11
  1552 | D:2      | Learned a level 3 spell: Mephitic Cloud
  1556 | D:2      | Learned a level 3 spell: Conjure Flame
  1599 | D:2      | Found a glowing golden altar of the Shining One.
  1773 | D:2      | Found an ornate altar of the Wu Jian Council.
  1833 | D:2      | Found an ancient bone altar of Kikubaaqudgha.
  1845 | D:2      | Became a worshipper of Kikubaaqudgha
  2172 | D:2      | Reached XP level 6. HP: 32/36 MP: 12/12
  2881 | D:3      | Reached * piety under Kikubaaqudgha
  2881 | D:3      | Identified Kikubaaqudgha's Handbook of Stolen Souls (Kikubaaqudgha gifted it to you on level 3 of the Dungeon)
  2881 | D:3      | Received a gift from Kikubaaqudgha
  3088 | D:3      | Found a sacrificial altar of Ru.
  3094 | D:3      | Reached skill level 1 in Poison Magic
  3472 | D:3      | Found a deep blue altar of Sif Muna.
  3724 | D:3      | Reached skill level 1 in Fire Magic
  3724 | D:3      | Reached skill level 1 in Air Magic
  3801 | D:3      | Identified Sif Muna's Collected Works on Attacks
  3956 | D:4      | Noticed Edmund
  4051 | D:4      | Killed Edmund
  4051 | D:4      | Reached XP level 7. HP: 23/41 MP: 3/13
  4344 | D:4      | Shot with an arrow by a centaur

Vault maps used:
D:1:      sevenhm_arrival_forest_fort_small_6, minmay_misc_feat_tiny,
          minmay_crystal_water, minmay_domino_2
D:2:      lemuel_doored_altar, tso_metal_star, kennysheep_vampire_church,
          uniq_sigmund
D:3:      nicolae_ru_great_annihilating_truth, led_sif_book, nrook_loot_triangle
D:4:      first_ration, nicolae_gozag_cash_rules_everything_around_me,
          uniq_edmund

Skill      XL: |  1  2  3  4  5  6 |
---------------+-------------------+-----
Conjurations   | 2 3 4 |  4.0
Spellcasting   | 4 |  4.5
Stealth        | 3 4 |  4.1
Poison Magic   | 2 |  2.0
Fire Magic     | 1 |  1.4
Air Magic      | 1 |  1.4
Dodging        | 3 |  3.0
Summonings     | |  1.0
Translocations | |  1.0

Action                   |  1- 3 |  4- 6 |  7- 9 || total
-------------------------+-------+-------+-------++-------
Melee: Dagger            |    21 |    23 |       ||    44
       Tentacles         |     3 |     3 |       ||     6
       Constrict         |     2 |     6 |       ||     8
 Cast: Magic Dart        |    57 |   106 |    14 ||   177
       Call Imp          |     1 |    23 |       ||    24
       Blink             |       |     2 |       ||     2
       Mephitic Cloud    |       |     1 |       ||     1
  Use: Scroll            |       |     5 |       ||     5
 Stab: Sleeping          |     1 |     5 |       ||     6
       Confused          |       |     2 |       ||     2
  Eat: Chunk             |     1 |     6 |       ||     7
       Ration            |       |     1 |       ||     1
Armor: Skin              |    10 |     1 |       ||    11
Dodge: Dodged            |    26 |    31 |     1 ||    58

Table legend:
 A = Spawn XP
 B = Non-spawn XP
 C = Spawn XP percentage of total XP
 D = Spawn monster count
 E = Non-spawn monster count
 F = Spawn count percentage of total count
 G = Total turns spent on level
                    A         B        C        D         E        F      G
               +---------+---------+-------+---------+---------+-------+---------
         Total |       0 |     683 |   0.0 |       0 |      83 |   0.0 |  4344
               +---------+---------+-------+---------+---------+-------+---------
           D:1 |       0 |      28 |   0.0 |       0 |      16 |   0.0 |  1095
           D:2 |       0 |     298 |   0.0 |       0 |      34 |   0.0 |  1472
           D:3 |       0 |     214 |   0.0 |       0 |      31 |   0.0 |  1340
           D:4 |       0 |     143 |   0.0 |       0 |       2 |   0.0 |   437
               +---------+---------+-------+---------+---------+-------+---------
